Map: [ESL] Tropical Sacrifice

Players

Maru

  • Race: Terran Terran
  • Spawn Location: 7:00

HeroMarine - Winner!

  • Race: Terran Terran
  • Spawn Location: 1:00

Event: DreamHack SC2 Masters 2022 Valencia

VOD

https://youtu.be/sg2kkdScXZA

Description

Time

  • Played on: July 2, 2022, 2:10 p.m.
  • Length: 20:18

All games in this series

Show
View Real Time Build Order
Export as new Build Order

Maru Terran 

Build Orders:  

Get SALT Encoding   

  12  0:01  SCV  
  13  0:16  Supply Depot  
  13  0:18  SCV  
  14  0:38  Barracks  
  14  0:42  Refinery  
  14  0:57  Barracks  
  14  1:00  SCV  
  15  1:12  SCV  
  17  1:25  Reaper  
  17  1:28  Orbital Command  
  17  1:34  Refinery  
  17  1:44  Reaper  
  18  1:52  Supply Depot  
  18  1:54  SCV  
  18  2:01  Reaper  
  20  2:06  SCV  
  21  2:18  SCV  
  21  2:19  Reaper  
  22  2:30  SCV  
  22  2:31  Factory  
  23  2:42  SCV  
  24  2:51  Reaper  
  24  2:55  SCV  
  26  3:05  Command Center  
  26  3:22  SCV  
  26  3:26  Starport  
  27  3:27  Supply Depot  
  27  3:34  SCV  
  28  3:43  Factory Tech Lab  
  28  3:46  SCV  
  25  3:58  SCV  
  25  4:01  Cyclone  
  29  4:10  SCV  
  29  4:14  Starport Tech Lab  
  29  4:16  Refinery  
  30  4:17  Orbital Command  
  30  4:23  SCV  
  31  4:34  Command Center  
  31  4:35  Raven, SCV  
  33  4:43  SCV  
  34  4:47  SCV  
  34  4:49  Siege Tank  
  38  4:56  SCV  
  38  4:59  SCV  
  40  5:08  SCV  
  40  5:10  Refinery  
  40  5:11  SCV  
  42  5:20  Raven, SCV  
  45  5:23  SCV  
  45  5:24  Barracks Reactor  
  46  5:32  SCV  
  46  5:35  SCV  
  48  5:36  Siege Tank  
  48  5:37  Barracks  
  48  5:38  Supply Depot  
  48  5:40  Barracks  
  51  5:44  SCV  
  51  5:46  Orbital Command  
  51  5:47  SCV  
  53  5:53  Engineering Bay  
  53  5:54  Engineering Bay  
  53  5:56  SCV  
  54  5:59  SCV  
  55  6:08  SCV  
  55  6:10  Viking x2  
  60  6:11  SCV  
  60  6:14  SCV  
  60  6:16  Siege Tank  
  60  6:17  Marine  
  66  6:20  Stimpack  
  66  6:24  SCV x2  
  68  6:26  SCV  
  68  6:30  Supply Depot  
  68  6:32  Barracks Reactor x2  
  69  6:36  SCV  
  69  6:37  Supply Depot  
  69  6:39  Terran Infantry Armor Level 1, Terran Infantry Weapons Level 1  
  70  6:44  SCV  
  70  6:45  SCV  
  72  6:48  Supply Depot  
  72  6:50  Siege Tank  
  75  6:55  Marine  
  75  6:56  Supply Depot  
  75  6:59  Viking  
  78  7:04  Viking  
  80  7:09  Marine  
  80  7:10  Marine x3  
  80  7:12  Orbital Command  
  80  7:13  Marine  
  85  7:18  SCV x2  
  85  7:19  Barracks  
  85  7:20  Barracks  
  86  7:27  Marine  
  86  7:28  Marine x2  
  86  7:29  Siege Tank  
  92  7:30  SCV x2  
  92  7:35  Sensor Tower  
  94  7:37  SCV  
  94  7:38  Supply Depot  
  94  7:42  SCV  
  94  7:43  SCV  
  66  7:44  Viking x2  
  97  7:45  Marine x2  
  97  7:49  SCV  
  104  7:52  Refinery  
  104  7:54  Refinery, SCV  
  104  7:55  SCV  
  104  7:56  Supply Depot  
  104  7:58  Armory  
  106  8:01  SCV  
  106  8:03  Combat Shield  
  106  8:04  Marine x5  
  112  8:06  SCV  
  112  8:08  Barracks Reactor x2  
  112  8:11  SCV, Supply Depot  
  114  8:17  Supply Depot  
  71  8:20  Medivac  
  114  8:21  SCV x2  
  114  8:23  SCV  
  119  8:30  Marine x2  
  119  8:31  Marine x2  
  119  8:33  SCV x2  
  122  8:35  SCV, Supply Depot  
  122  8:40  Supply Depot  
  123  8:43  Command Center  
  123  8:46  Medivac  
  123  8:47  Marine  
  129  8:49  Medivac  
  129  8:51  Terran Infantry Armor Level 2, Terran Infantry Weapons Level 2  
  128  9:00  Marine x5, Terran Vehicle Weapons Level 1  
  128  9:01  Marine  
  128  9:02  Supply Depot  
  134  9:03  SCV x2  
  134  9:04  Marine  
  137  9:10  Missile Turret  
  137  9:11  Siege Tank  
  137  9:12  Missile Turret  
  137  9:13  SCV  
  137  9:15  SCV x2  
  143  9:19  Viking x2  
  143  9:23  Factory  
  147  9:25  Marine x3  
  147  9:27  Marine  
  147  9:29  Supply Depot  
  151  9:35  SCV x3  
  151  9:36  Barracks Reactor  
  154  9:47  SCV x2  
  154  9:48  SCV  
  154  9:52  Viking x2  
  160  9:54  Marine x6  
  160  9:55  Supply Depot  
  167  10:00  SCV x2  
  167  10:01  SCV  
  167  10:03  Refinery, Command Center  
  169  10:07  Refinery  
  169  10:08  Sensor Tower  
  169  10:13  SCV  
  162  10:21  SCV  
  162  10:24  Starport x2  
  163  10:29  Planetary Fortress  
  163  10:35  Siege Tank x2  
  169  10:36  Viking x2  
  171  10:51  Marine x4  
  157  11:04  Marine x2  
  157  11:05  Marine x3, Liberator  
  157  11:06  Marine, Liberator  
  157  11:07  Siege Tank x2  
  157  11:09  Marine x3  
  158  11:11  Marine  
  159  11:22  Marine x2  
  159  11:23  Marine x4  
  165  11:26  Sensor Tower  
  165  11:27  Marine x3  
  165  11:29  Marine, Planetary Fortress  
  169  11:36  SCV  
  169  11:39  Siege Tank x2, Marine, Starport Tech Lab  
  173  11:40  Marine, Starport Tech Lab  
  173  11:41  Terran Vehicle Weapons Level 2  
  173  11:43  Marine x4  
  173  11:45  Marine x3  
  182  11:47  Marine  
  182  11:53  Command Center  
  183  11:57  Marine  
  183  12:00  Raven  
  183  12:01  Raven  
  188  12:05  Corvid Reactor  
  188  12:08  Armory  
  188  12:11  Siege Tank  
  188  12:14  Command Center  
  185  12:21  Siege Tank  
  188  12:24  Viking x2  
  192  12:32  Refinery x2  
  192  12:43  Raven x2, Siege Tank  
  199  12:46  Command Center  
  196  13:01  Viking x2  
  200  13:06  Terran Vehicle And Ship Armor Level 1  
  200  13:09  Orbital Command  
  200  13:12  Missile Turret  
  200  13:14  Terran Infantry Weapons Level 3  
  200  13:15  Terran Infantry Armor Level 3  
  200  13:19  Missile Turret  
  200  13:51  Starport x2  
  200  13:52  Missile Turret, Starport  
  200  13:53  Refinery, Sensor Tower  
  200  13:59  Command Center  
  188  14:03  Viking x2, Raven x2  
  188  14:04  Missile Turret  
  188  14:05  Planetary Fortress  
  188  14:06  Missile Turret  
  188  14:07  Refinery  
  196  14:19  Missile Turret, Command Center  
  195  14:25  Missile Turret  
  195  14:32  Missile Turret  
  196  14:45  Missile Turret  
  196  14:46  Raven x2  
  196  14:47  Terran Ship Weapons Level 1  
  196  14:49  Command Center  
  200  14:53  Sensor Tower  
  200  14:58  Starport Reactor, Starport Tech Lab x2  
  196  15:00  Viking x2  
  200  15:14  Refinery  
  200  15:15  Refinery  
  200  15:16  Orbital Command  
  200  15:17  Factory, Missile Turret  
  200  15:19  Missile Turret  
  200  15:32  Terran Vehicle And Ship Armor Level 2  
  197  15:38  Orbital Command  
  197  15:43  Planetary Fortress  
  197  15:49  Command Center  
  197  15:51  Neosteel Armor, Command Center x2  
  197  15:52  Hi-Sec Auto Tracking, Command Center  
  197  15:53  Command Center  
  197  15:59  Raven  
  192  16:16  Raven x2  
  192  16:17  Viking x5  
  198  16:25  Factory Tech Lab  
  197  16:32  Orbital Command  
  197  16:42  Viking  
  197  16:43  Terran Ship Weapons Level 2  
  182  16:55  Viking x2  
  182  17:00  Viking x5  
  187  17:03  Orbital Command x2  
  184  17:12  Viking  
  176  17:22  Orbital Command  
  172  17:25  Viking x2  
  172  17:26  Orbital Command  
  173  17:30  Viking x4  
  173  17:31  Planetary Fortress  
  181  17:40  Viking  
  181  17:42  Viking  
  181  17:50  Marine x8  
  160  17:55  Viking x2  
  160  18:00  Viking x2  
  160  18:03  Siege Tank x2  
  160  18:04  Marine x2  
  169  18:08  Marine  
  169  18:09  Raven  
  169  18:10  Raven x2  
  169  18:12  Raven  
  166  18:14  Marine x5  
  166  18:15  Marine x2  
  155  18:21  Marine  
  155  18:25  Viking x2  
  155  18:26  Siege Tank, Marine  
  155  18:27  Marine  
  158  18:30  Viking x2  
  158  18:32  Marine  
  164  18:36  Marine  
  164  18:37  Marine x5  
  164  18:39  Marine  
  164  18:41  Orbital Command  
  171  18:44  Marine x2  
  173  18:52  Raven x2  
  173  18:53  Raven  
  173  18:54  Marine x3  
  173  18:55  Raven  
  184  19:01  Marine x5  
  184  19:02  Marine x2  
  191  19:11  Marine  
  191  19:12  Marine x2  
  192  19:19  Marine x5  
  192  19:23  Marine x2  
  197  19:29  Marine  
  197  19:30  Marine x2  
  200  19:44  Barracks  
  200  19:45  Barracks  
  200  19:47  Barracks  
  159  19:52  Marine  
  159  19:53  Marine x7  
  159  19:55  Marine x2  
Show
View Real Time Build Order
Export as new Build Order

HeroMarine Terran - Winner!

Build Orders:  

Get SALT Encoding   

  12  0:00  SCV  
  13  0:12  SCV  
  14  0:17  Supply Depot  
  14  0:24  SCV  
  15  0:39  SCV  
  15  0:40  Barracks  
  16  0:44  Refinery  
  16  0:51  SCV  
  16  0:54  Refinery  
  17  1:03  SCV  
  18  1:15  SCV  
  19  1:27  Orbital Command, Reaper  
  19  1:32  Supply Depot  
  20  1:41  Factory  
  20  1:53  SCV  
  21  1:59  Reaper  
  22  2:05  SCV  
  23  2:17  SCV  
  24  2:27  Hellion  
  24  2:29  SCV  
  27  2:31  Marine  
  28  2:39  Command Center  
  28  2:44  Supply Depot  
  28  2:48  Hellion  
  28  2:49  SCV  
  31  2:54  Barracks Reactor  
  31  3:05  SCV  
  32  3:10  Hellion  
  34  3:18  SCV  
  35  3:21  Starport  
  35  3:30  SCV, Marine x2  
  38  3:36  Factory Tech Lab  
  38  3:42  SCV  
  39  3:54  Orbital Command, SCV  
  39  3:55  Cyclone  
  43  3:59  Starport Tech Lab  
  41  4:03  Refinery  
  41  4:06  SCV  
  42  4:16  Orbital Command  
  42  4:17  Raven  
  42  4:18  SCV  
  45  4:26  Command Center  
  45  4:30  SCV  
  46  4:36  Siege Tank  
  49  4:42  SCV x2  
  52  4:49  Supply Depot  
  51  4:54  SCV x2  
  51  4:59  Raven  
  52  5:00  Supply Depot  
  54  5:10  Refinery  
  54  5:11  SCV x2, Siege Tank  
  54  5:14  Supply Depot  
  59  5:18  Marine x2  
  61  5:23  SCV x2  
  63  5:35  SCV x2  
  65  5:44  Orbital Command  
  65  5:45  Barracks  
  65  5:46  Barracks, Siege Tank  
  65  5:47  SCV  
  65  5:49  SCV  
  70  5:55  Viking, Stimpack  
  72  5:57  Viking  
  72  6:01  SCV x2  
  76  6:06  Engineering Bay  
  76  6:08  Orbital Command, Engineering Bay  
  76  6:13  SCV x2  
  76  6:16  Marine  
  79  6:22  Siege Tank  
  82  6:25  SCV x2  
  82  6:26  Supply Depot  
  82  6:28  Supply Depot  
  83  6:34  Terran Infantry Armor Level 1, Terran Infantry Weapons Level 1  
  83  6:37  SCV x2  
  83  6:38  SCV, Barracks Reactor x2  
  86  6:48  Viking x2  
  86  6:49  SCV  
  86  6:50  SCV x2, Supply Depot  
  86  6:53  Marine  
  94  7:00  Refinery x2  
  94  7:01  SCV  
  94  7:02  SCV  
  94  7:03  SCV, Siege Tank  
  94  7:06  Supply Depot  
  100  7:12  Barracks  
  100  7:13  Barracks  
  100  7:14  SCV x2  
  100  7:15  SCV  
  103  7:17  Marine x3  
  103  7:18  Marine  
  103  7:20  Marine  
  108  7:26  SCV  
  108  7:27  SCV  
  108  7:28  Viking x2  
  113  7:30  SCV  
  113  7:35  Marine x3  
  113  7:36  Marine  
  117  7:38  SCV  
  117  7:39  SCV  
  117  7:41  Siege Tank, Sensor Tower  
  117  7:42  SCV  
  117  7:43  Marine  
  124  7:48  Armory, Combat Shield  
  122  7:53  Marine x2  
  122  7:56  Command Center  
  122  7:57  Marine  
  125  8:02  Supply Depot  
  125  8:10  Supply Depot x2  
  125  8:11  Barracks Reactor  
  125  8:18  SCV x3, Siege Tank, Marine  
  132  8:20  Marine  
  132  8:24  Medivac x2, Marine  
  137  8:30  SCV x3  
  137  8:32  Marine  
  137  8:33  Supply Depot, Marine  
  137  8:34  Barracks Reactor, Supply Depot  
  141  8:36  Marine  
  141  8:37  Terran Infantry Armor Level 2, Terran Infantry Weapons Level 2  
  141  8:40  Terran Vehicle Weapons Level 1  
  141  8:43  Marine  
  141  8:44  Factory, Marine  
  141  8:47  Missile Turret  
  143  8:49  Marine  
  143  8:50  Marine  
  143  8:51  SCV x2  
  143  8:52  SCV, Missile Turret  
  143  8:54  Marine  
  143  8:55  Marine x2  
  151  9:01  Marine  
  151  9:02  Marine  
  153  9:03  SCV x2  
  153  9:04  SCV  
  156  9:11  Marine x4  
  156  9:12  Refinery, Marine  
  156  9:13  Refinery  
  156  9:14  Marine  
  79  9:17  Siege Tank, Medivac x2  
  162  9:19  SCV x2  
  162  9:20  SCV  
  162  9:24  Barracks Reactor  
  172  9:26  Marine x2  
  174  9:35  Planetary Fortress  
  174  9:37  Starport x2  
  174  9:39  Marine x5  
  179  9:47  Viking x2  
  179  9:48  Marine x2  
  179  9:49  Siege Tank, Marine  
  179  9:50  Siege Tank  
  187  10:01  SCV  
  187  10:02  Command Center  
  187  10:06  Sensor Tower  
  186  10:19  Viking x2, Marine x3  
  186  10:20  Marine x5  
  188  10:30  Supply Depot  
  188  10:31  Starport Tech Lab x2  
  188  10:33  Siege Tank, Marine x2  
  188  10:34  Siege Tank  
  196  10:36  Terran Vehicle Weapons Level 2, Command Center  
  196  10:49  Corvid Reactor  
  196  10:51  Marine x2  
  196  10:52  Viking  
  196  10:55  Command Center  
  200  10:59  Viking  
  200  11:03  Marine x2  
  184  11:05  Siege Tank  
  183  11:11  Siege Tank  
  183  11:13  Marine x2  
  183  11:16  Marine x2  
  183  11:17  Marine x2  
  183  11:18  Raven x2, Marine  
  177  11:21  Viking  
  177  11:23  Marine x2  
  177  11:24  Command Center  
  185  11:29  Viking  
  187  11:35  Terran Infantry Armor Level 3, Terran Infantry Weapons Level 3  
  187  11:36  Refinery, Marine x3  
  190  11:49  Orbital Command  
  190  11:51  Refinery, Starport  
  190  11:52  Planetary Fortress, Starport  
  190  12:03  Command Center  
  191  12:12  Viking, Medivac x2  
  191  12:13  Viking  
  193  12:24  Command Center x2  
  193  12:34  Starport Reactor  
  193  12:35  Starport Tech Lab  
  193  12:42  Viking x2  
  197  12:47  Command Center  
  197  12:56  Raven x2  
  197  12:58  Refinery  
  200  12:59  Raven  
  200  13:00  Refinery  
  200  13:06  Command Center  
  200  13:09  Command Center  
  200  13:10  Orbital Command  
  200  13:16  Planetary Fortress  
  200  13:18  Command Center  
  199  13:29  Viking x2  
  199  13:31  Viking x2  
  199  13:34  Terran Ship Weapons Level 1, Armory  
  200  13:41  Orbital Command x2, Sensor Tower  
  197  13:45  Raven  
  199  13:50  Raven x2  
  196  14:03  Viking x2  
  196  14:05  Sensor Tower  
  196  14:08  Orbital Command  
  198  14:10  Viking  
  198  14:12  Viking  
  198  14:16  Neosteel Armor, Hi-Sec Auto Tracking  
  200  14:18  Orbital Command x2  
  200  14:21  Orbital Command  
  195  14:30  Viking, SCV  
  195  14:31  SCV  
  189  14:33  Viking, Liberator  
  189  14:35  Orbital Command  
  193  14:41  Missile Turret  
  193  14:42  Missile Turret  
  192  14:45  Starport  
  192  14:46  Starport  
  192  14:48  Starport  
  191  14:54  Siege Tank x2  
  191  14:58  Factory  
  191  14:59  Raven, Missile Turret  
  197  15:03  Marine  
  200  15:09  Terran Vehicle And Ship Armor Level 1  
  196  15:15  Viking x2  
  196  15:16  Raven x2  
  194  15:29  Viking x2  
  194  15:30  Starport Reactor, Starport Tech Lab x2  
  196  15:42  Viking  
  196  15:45  Viking  
  196  16:09  Viking x2  
  196  16:10  Viking  
  196  16:11  Terran Ship Weapons Level 2  
  192  16:15  Viking  
  192  16:16  Viking  
  192  16:17  Viking x4  
  200  16:21  Factory Tech Lab  
  200  16:24  Viking  
  199  16:30  Command Center  
  199  16:31  Command Center  
  199  16:35  Command Center  
  199  16:36  Smart Servos  
  188  16:55  Viking x2  
  188  16:58  Viking  
  188  16:59  Raven x4, Viking  
  188  17:00  Viking x2  
  189  17:12  Marine  
  189  17:13  Raven  
  189  17:15  Siege Tank x2  
  188  17:16  Marine  
  188  17:18  Marine x2  
  188  17:19  Marine x2  
  193  17:24  Siege Tank  
  193  17:25  Viking x2  
  193  17:29  Marine x2  
  198  17:44  Terran Vehicle And Ship Armor Level 2  
  198  17:49  Viking x2  
  198  17:50  Viking x3  
  190  17:52  Raven  
  190  17:57  Raven  
  194  18:04  Siege Tank  
  194  18:05  Siege Tank  
  200  18:11  Raven x2  
  200  18:12  Marine  
  191  18:17  Marine x2  
  191  18:19  Viking  
  175  18:24  Viking  
  175  18:26  Orbital Command  
  171  18:32  Orbital Command  
  171  18:35  Orbital Command  
  171  18:37  Raven x2  
  175  18:42  Raven  
  175  18:46  Siege Tank  
  175  18:48  Siege Tank  
  183  18:53  Siege Tank  
  183  18:54  Raven x2  
  199  19:03  Viking  
  199  19:04  Viking x3  
  198  19:12  Orbital Command  
  196  19:29  Siege Tank, Marine  
  179  19:54  Marine x10  

Tags
 
Add a new tag
Caveats
  • Supply blocks, unpowered buildings, or Contaminate may cause inaccurate times.
  • Supply counts are checked every 10 seconds.